 Dungeon Crawl Stone Soup version 0.17-a0-1887-g3e50df6 (webtiles) character file.

799 4thArraOfDagon the Cudgeler (level 7, -3/72 HPs)
             Began as an Ogre Gladiator on Sept 23, 2015.
             Was an Initiate of Ashenzari.
             Slain by a killer bee (10 damage)
             ... on level 7 of the Dungeon.
             The game lasted 00:10:34 (1732 turns).

4thArraOfDagon the Cudgeler (Ogre Gladiator)        Turns: 1732, Time: 00:10:34

Health: -3/72      AC:  4    Str: 21    XL:     7   Next: 90%
Magic:  9/9        EV: 11    Int:  9    God:    Ashenzari [......]
Gold:   190        SH:  0    Dex: 10    Spells: 0 memorised, 6 levels left

rFire  . . .     SeeInvis .     p - +1 dire flail
rCold  . . .     Clarity  .     b - +1 robe
rNeg   . . .     SustAt   .     (no shield)
rPois  .         Gourm    .     c - +0 hat
rElec  .         Spirit   .     (no cloak)
rCorr  .         Warding  .     (gloves unavailable)
rMut   .         Stasis   .     (boots unavailable)
MR     .....                    f - amulet of rage (curse)
Stlth  +.........               (no ring)
                                (no ring)

@: lethally poisoned (-3 -> -4), exhausted, very slightly contaminated, slowed,
very slow, not resistant to hostile enchantments, very unstealthy
A: unfitting armour, tough skin 1
a: Renounce Religion, Evoke Berserk Rage


You were on level 7 of the Dungeon.
You worshipped Ashenzari.
Ashenzari was noncommittal.
You were hungry.

You visited 2 branches of the dungeon, and saw 8 of its levels.

You collected 190 gold pieces.

Inventory:

Hand weapons
 a - a +0 flail
 d - a +0 mace of protection
 h - a +2 spear of venom
 p - a +1 dire flail (weapon)
 u - a +0 giant spiked club
Missiles
 n - 3 curare-tipped needles
Armour
 b - a +1 robe (worn)
 c - a +0 hat (worn)
 r - a +2 robe of resistance
Magical staves
 x - an uncursed staff of earth
Jewellery
 f - a cursed amulet of rage (around neck)
 l - an uncursed amulet of the gourmand
Magical devices
 i - a wand of disintegration (5)
 o - a wand of random effects (7)
Scrolls
 g - 2 scrolls of remove curse
 j - 2 scrolls of immolation
 k - 2 scrolls of enchant armour
 s - a scroll of curse armour
 t - a scroll of curse jewellery
 w - a scroll of identify
Potions
 m - a potion of haste
Comestibles
 e - a bread ration
 q - 12 chunks of flesh


   Skills:
 + Level 5.2 Fighting
 * Level 7.8 Maces & Flails
 - Level 2.1 Throwing
 + Level 4.1 Dodging
 * Level 3.7 Evocations


You had 6 spell levels left.
You didn't know any spells.

Dungeon Overview and Level Annotations

Branches:
Dungeon (8/15)             Temple (1/1) D:5
   Lair: D:8-11

Altars:
Ashenzari
Cheibriados
Dithmenos
Elyvilon
Gozag
Nemelex Xobeh
Okawaru
Qazlal
Ru
Sif Muna
Xom
Yredelemnul
Zin
The Shining One


Innate Abilities, Weirdness & Mutations

You are too large for most types of armour.
You have tough skin (AC +1).


Message History

Okay, then.
You feel sick.
Unknown command.
Unknown command.
Your extra speed is starting to run out.
Unknown command.
The killer bee buzzes angrily.
The killer bee stings you!
* * * LOW HITPOINT WARNING * * *
A killer bee comes into view.
You feel sick. The killer bee misses you.
You see here a hippogriff skeleton.
Unknown command.
The killer bee misses you.
Unknown command.
The killer bee barely misses you.
Unknown command.
You feel yourself slow down. The killer bee stings you!
You die...

# #.......###....#
####.....##
####.....
.###.#....##### ##..
÷....###......####
#####.......#....#
#<......####.#
##.......÷.#.#
#####.####yy.#######
#.........##@.......
######..............
####........... ∩
##..........
..............>..
###.........#....
#..........#....
#....$..?.## ...
#....$....#


You could see 2 killer bees.

Vanquished Creatures
  A hippogriff (D:7)
  2 ogres (D:7)
  A wyvern skeleton (D:7)
  5 wights (D:5)
  A hound (D:7)
  2 orc wizards (D:5)
  3 worker ants
  A hound skeleton (D:4)
  A worker ant zombie (D:5)
  2 adders
  6 orcs
  2 giant cockroaches
  3 goblins
  2 hobgoblins (D:3)
  2 kobolds
  2 bats (D:3)
  2 giant geckos
  3 quokkas
  4 rats
45 creatures vanquished.

Notes
Turn   | Place    | Note
--------------------------------------------------------------
     0 | D:1      | 4thArraOfDagon the Ogre Gladiator began the quest for the Orb.
     0 | D:1      | Reached XP level 1. HP: 22/22 MP: 1/1
   254 | D:3      | Reached XP level 2. HP: 22/29 MP: 2/2
   394 | D:3      | Reached skill level 1 in Evocations
   467 | D:3      | Found a shimmering altar of Xom.
   468 | D:3      | Found a glowing golden altar of the Shining One.
   469 | D:3      | Found a sacrificial altar of Ru.
   471 | D:3      | Found a sparkling altar of Nemelex Xobeh.
   472 | D:3      | Found a snail-covered altar of Cheibriados.
   517 | D:2      | Found a faded altar to an unknown god.
   603 | D:4      | Reached XP level 3. HP: 37/37 MP: 3/3
   656 | D:4      | Reached skill level 5 in Maces & Flails
   656 | D:4      | Reached XP level 4. HP: 38/45 MP: 3/5
   702 | D:5      | Entered Level 5 of the Dungeon
   750 | D:5      | Reached XP level 5. HP: 47/53 MP: 6/6
   881 | D:5      | Found a shadowy altar of Dithmenos.
   918 | D:5      | Reached skill level 6 in Maces & Flails
   918 | D:5      | Reached XP level 6. HP: 62/62 MP: 7/7
   995 | D:5      | Found a staircase to the Ecumenical Temple.
   999 | Temple   | Entered the Ecumenical Temple
  1088 | Temple   | Became a worshipper of Ashenzari the Shackled
  1284 | D:5      | Noticed a phantom
  1461 | D:5      | Noticed an ice beast
  1464 | D:5      | You fall through a shaft for 2 floors!
  1498 | D:7      | Reached XP level 7. HP: 71/71 MP: 9/9
  1597 | D:7      | Reached skill level 7 in Maces & Flails
  1653 | D:7      | Noticed a hippogriff
  1673 | D:7      | Killed a hippogriff
  1673 | D:7      | Reached skill level 5 in Fighting
  1687 | D:7      | rip
  1726 | D:7      | :S
  1732 | D:7      | Slain by a killer bee

Vault maps used:
D:1:      lightli_arrival_isolated_outpost, serial_glass, glass_columns_a,
          glass_columns_b
D:2:      ecumenical_altar_2, cheibrodos_gnoll_hut
D:3:      grunt_temple_overflow_open, gup_sewer_entry_spiral
D:4:      serial_shops, shop_coins, first_bread
D:5:      grunt_temple_overflow_growth_and_decay, kennysheep_mini,
          minmay_temple_entry_grid, minmay_misc_feat_square,
          hangedman_decor_push, grunt_ministairs_6, uniq_menkaure
D:7:      nicolae_ossuary_entry_catacombs
D:8:      grunt_temple_overflow_lords_of_destruction, lair_0_dummy
Temple:   minmay_temple_curvy_8

Action                   |  1- 3 |  4- 6 |  7- 9 || total
-------------------------+-------+-------+-------++-------
Melee: Spear             |    45 |    15 |       ||    60
       Flail             |     7 |    15 |       ||    22
       Dire flail        |       |    37 |    31 ||    68
       Mace              |       |     1 |     4 ||     5
Throw: Throwing net      |       |     9 |     3 ||    12
 Abil: Evoke Berserk Rag |     1 |     4 |     4 ||     9
Evoke: Wand              |       |       |     3 ||     3
  Use: Scroll            |     6 |     2 |     1 ||     9
       Potion            |       |       |     1 ||     1
 Stab: Sleeping          |     1 |       |       ||     1
       Held in net/web   |       |     5 |       ||     5
  Eat: Chunk             |       |     5 |     4 ||     9
